 Dungeon Crawl Stone Soup version 0.19.0-19-g8c6edcc (webtiles) character file.

71 dysrexia the Insei (level 4, 0/35 HPs)
             Began as a Draconian Transmuter on Nov 12, 2016.
             Slain by Crazy Yiuf
             ... wielding a +2 quarterstaff of chaos
              (14 damage)
             ... on level 2 of the Dungeon.
             The game lasted 00:04:16 (1904 turns).

dysrexia the Insei (Draconian Transmuter)           Turns: 1904, Time: 00:04:17

Health: 0/35       AC:  6    Str: 12    XL:     4   Next: 5%
Magic:  3/7        EV: 12    Int: 13    God:
Gold:   84         SH:  0    Dex: 13    Spells: 3 memorised, 1 level left

rFire  . . .     SeeInvis .       - Unarmed
rCold  . . .     Gourm    .     (armour unavailable)
rNeg   . . .     Faith    .     (no shield)
rPois  .         Spirit   .     (helmet restricted)
rElec  .         Reflect  .     (no cloak)
rCorr  .         Harm     .     i - +0 pair of gloves
MR     .....                    (boots currently unavailable)
Stlth  +.........               (no amulet)
                                (no ring)
                                (no ring)

@: appendage (expiring), very slightly contaminated, hasted, very quick
A: unfitting armour, talons 3, cold-blooded, AC +5
a: End Transformation


You were on level 2 of the Dungeon.
You were hungry.
You had grown temporary talons.
You visited 1 branch of the dungeon, and saw 2 of its levels.

You collected 84 gold pieces.

Inventory:

Missiles
 a - 11 arrows
 h - 62 stones (quivered)
Armour
 i - a +0 pair of gloves (worn)
Scrolls
 j - a scroll of fog {unknown}
 m - a scroll of immolation {unknown}
Potions
 d - a potion of cure mutation {unknown}
 e - a potion of agility
 f - a potion of brilliance {unknown}
 g - 3 potions of curing {unknown}
 k - a potion of degeneration {unknown}
 l - a potion of resistance {unknown}
Books
 b - a book of Changes

   Spells                             Type                      Level
   a - Beastly Appendage              Transmutation                1
   b - Sticks to Snakes               Transmutation                2
   c - Spider Form                    Transmutation/Poison         3
   d - Ice Form                       Ice/Transmutation            4
   e - Blade Hands                    Transmutation                5
Comestibles
 c - 2 bread rations
 n - a chunk of flesh


   Skills:
 - Level 1.1 Fighting
 - Level 1.7 Dodging
 + Level 4.0 Unarmed Combat
 - Level 2.0 Spellcasting
 * Level 3.4 Transmutations


You had one spell level left.
You knew the following spells:

 Your Spells              Type           Power        Failure   Level  Hunger
a - Beastly Appendage     Tmut           ##....       10%         1    ##.....
b - Sticks to Snakes      Tmut           ##......     12%         2    ###....
c - Spider Form           Tmut/Pois      #.........   38%         3    ####...


Dungeon Overview and Level Annotations

Branches:
Dungeon (2/15)

Altars:
Vehumet

Annotations:
D:2 Crazy Yiuf


Innate Abilities, Weirdness & Mutations

Your plain brown scales are hard. (AC +5)
You cannot fit into any form of body armour.
You are cold-blooded and may be slowed by cold attacks.
You have claws for feet.


Message History

There is an open door here.
You swap places.
You swap places.
Crazy Yiuf barely misses you.
There is an open door here.
You hit Crazy Yiuf. You claw Crazy Yiuf, but do no damage.
Your tail-slap misses Crazy Yiuf.
Crazy Yiuf is lightly wounded.
Crazy Yiuf hits you with a quarterstaff of chaos!
You feel yourself speed up.
You hit Crazy Yiuf.
Crazy Yiuf is lightly wounded.
Crazy Yiuf hits you with a quarterstaff of chaos!
You feel yourself slow down. Crazy Yiuf freezes you.
You closely miss Crazy Yiuf.
Crazy Yiuf is lightly wounded.
You barely miss Crazy Yiuf.
Crazy Yiuf is lightly wounded.
You feel yourself speed up.
Crazy Yiuf hits you with a quarterstaff of chaos!
You die...

######## #.......
#.###### ####.#
#....# ######
#### ######
##).).## ###..)#
#....))####S@g..#
#..))...#..##...#
#.#....#.### ####
#########
#.########
#........ #.#
#.###.... #.# ###
###########.#
#.### #.####.#
#...........# #.#
#......#
#.########### #.#
######.# #.# #.#


You could see Crazy Yiuf and a friendly ball python.

Vanquished Creatures
  2 adders (D:2)
  A worm (D:2)
  2 dart slugs
  2 leopard geckos (D:2)
  9 bats
  5 giant cockroaches
  4 goblins
  3 hobgoblins (D:1)
  10 kobolds
  5 frilled lizards
  A rat (D:1)
44 creatures vanquished.

Notes
Turn   | Place    | Note
-------+----------+-------------------------------------------
     0 | D:1      | dysrexia the Draconian Transmuter began the quest for the Orb.
     0 | D:1      | Reached XP level 1. HP: 16/16 MP: 3/3
   173 | D:1      | Reached XP level 2. HP: 6/23 MP: 3/5
   857 | D:1      | Reached XP level 3. HP: 22/28 MP: 6/6
  1264 | D:2      | Found a radiant altar of Vehumet.
  1510 | D:2      | Learned a level 2 spell: Sticks to Snakes
  1514 | D:2      | Learned a level 3 spell: Spider Form
  1543 | D:2      | Reached skill level 4 in Unarmed Combat
  1543 | D:2      | Reached XP level 4. HP: 23/35 MP: 5/7
  1890 | D:2      | Found a runed door.
  1897 | D:2      | Noticed Crazy Yiuf
  1904 | D:2      | Slain by Crazy Yiuf

Skill      XL: |  1  2  3 |
---------------+----------+-----
Transmutations | 3 |  3.4
Unarmed Combat | 4 |  4.0
Fighting       | |  1.1
Dodging        | |  1.7
Spellcasting   | |  2.0

Action                   |  1- 3 |  4- 6 || total
-------------------------+-------+-------++-------
Melee: Unarmed           |   137 |    13 ||   150
       Tailslap          |    15 |       ||    15
       Kick              |     2 |     1 ||     3
       Headbutt          |     2 |       ||     2
       Punch             |     1 |       ||     1
 Cast: Beastly Appendage |     6 |     2 ||     8
       Sticks to Snakes  |       |     1 ||     1
  Use: Scroll            |     2 |       ||     2
  Eat: Chunk             |     2 |     1 ||     3
Armor: Skin              |    69 |     4 ||    73
Dodge: Dodged            |    94 |     7 ||   101
